 Dungeon Crawl Stone Soup version 0.27.1-34-g3ba077fa99 (webtiles) character file.

Game seed: 14017110763500159129

51 Delamore the Sneak (level 3, -4/24 HPs)
             Began as an Octopode Brigand on Jan 16, 2022.
             Slain by Sigmund (9 damage)
             ... on level 2 of the Dungeon.
             The game lasted 00:02:04 (1976 turns).

Delamore the Sneak (Octopode Brigand)               Turns: 1976, Time: 00:02:05

Health: -4/24      AC:  1    Str: 10    XL:     3   Next: 83%
Magic:  3/3        EV: 12    Int: 13    God:
Gold:   82         SH:  0    Dex: 14    Spells: 2/2 levels left

rFire    . . .     SeeInvis .   a - +2 dagger (vamp)
rCold    . . .     Faith    .   (no shield)
rNeg     . . .     Spirit   .   (helmet restricted)
rPois    .         Reflect  .   (no amulet)
rElec    .         Harm     .   (no ring)
rCorr    .         Rampage  .   (no ring)
Will     .....                  (no ring)
Stlth    ++++......             (no ring)
HPRegen  0.08/turn              (no ring)
MPRegen  0.08/turn              (no ring)
                                (no ring)
                                (no ring)

@: no status effects
A: almost no armour, amphibious, 8 rings, camouflage 1, gelatinous body 1,
(nimble swimmer 1), tentacles
a: no special abilities


You were on level 2 of the Dungeon.
You visited 1 branch of the dungeon, and saw 3 of its levels.

You collected 82 gold pieces.

Inventory:

Hand Weapons
 a - a +2 vampiric dagger (weapon)
Missiles
 b - 8 poisoned darts (quivered)
 c - 2 curare-tipped darts
Scrolls
 e - a scroll of magic mapping {unknown}
 f - a scroll of brand weapon
 h - a scroll of fog {unknown}
 i - a scroll of blinking {unknown}
Potions
 d - a potion of brilliance {unknown}
 g - a potion of ambrosia {unknown}
 j - a potion of might {unknown}


   Skills:
 - Level 2.0 Fighting
 + Level 2.7 Short Blades
 - Level 2.0 Throwing
 - Level 1.0 Dodging
 * Level 6.8 Stealth


You had 2 spell levels left.
You didn't know any spells.
Your spell library was empty.

Dungeon Overview and Level Annotations

Branches:
Dungeon (3/15)

Altars:
Yredelemnul

Annotations:
D:2 Sigmund
D:3 Robin


Innate Abilities, Weirdness & Mutations

You cannot wear most types of armour.
You are amphibious.
You can wear up to eight rings at the same time.
Your skin changes colour to match your surroundings (Stealth+).
Your rubbery body absorbs attacks. (AC +1, EV +1)
((You are camouflaged near water. (Stealth+)))
You have tentacles for arms and can constrict up to eight enemies at once.


Message History

HP restored.
You climb downwards.
Level annotation: Robin The goblin hits you but does no damage.
The hobgoblin barely misses you. The goblin misses you.
There is a stone staircase leading up here.
Robin roars a battlecry!
The goblins go into a battle-frenzy!
The hobgoblin hits you. The hobgoblin closely misses you.
The goblin hits you with a +0 dagger.
The goblin shouts!
You climb upwards.
There is a stone staircase leading down here.
You hit the hobgoblin.
You feel better.
You grab the hobgoblin.
The hobgoblin is moderately wounded.
You constrict the hobgoblin. The hobgoblin closely misses you.
The hobgoblin hits you.
You release your grip on the hobgoblin.
The goblin barely misses you. The hobgoblin misses you.
The goblin hits you with a +0 dagger.
* * * LOW HITPOINT WARNING * * *
Okay, then.
The hobgoblin no longer looks unusually strong.
You closely miss the hobgoblin. You grab the hobgoblin.
The hobgoblin is severely wounded.
You constrict the hobgoblin.
The hobgoblin hits you but does no damage.
You release your grip on the hobgoblin.
Sigmund the Dreaded comes into view.
He is wielding a +0 scythe of freezing.
You hit the hobgoblin but do no damage. You grab the hobgoblin.
You squeeze the hobgoblin.
You kill the hobgoblin!
You closely miss the hobgoblin. You grab the hobgoblin.
You constrict the hobgoblin, but do no damage.
You hit the hobgoblin but do no damage. You constrict the hobgoblin.
The hobgoblin barely misses you. The goblin hits you but does no damage.
You release your grip on the hobgoblin.
Sigmund shouts!
Sigmund hits you from afar with a +0 scythe of freezing!
You die...

♣..#....##.##
#..#........##
##...........##
..............###
##..........)...# .
#............#.######<.
##........†..#..@......
##...##...#g..........
#....######g.@.......
#..#..####....>......
##.##.#.......####...
##.............# .#
###...†..........# #
...............#....
.................###
P.....<...........
...................


You could see Sigmund, a hobgoblin and a goblin.

Vanquished Creatures
  2 dart slugs
  4 ball pythons
  5 bats
  5 endoplasms
  A giant cockroach (D:1)
  6 goblins
  12 hobgoblins
  2 kobolds (D:1)
  2 frilled lizards (D:1)
39 creatures vanquished.

Notes
Turn   | Place    | Note
-------+----------+-------------------------------------------
     0 | D:1      | Delamore the Octopode Brigand began the quest for the Orb.
     0 | D:1      | Reached XP level 1. HP: 14/14 MP: 1/1
   126 | D:1      | Reached XP level 2. HP: 8/19 MP: 2/2
   633 | D:1      | Reached skill level 6 in Stealth
   847 | D:1      | Reached XP level 3. HP: 22/24 MP: 3/3
  1468 | D:2      | Found a basalt altar of Yredelemnul.
  1509 | D:2      | You fall into a shaft and drop 1 floor!
  1509 | D:3      | Noticed Robin
  1968 | D:2      | Noticed Sigmund
  1976 | D:2      | Slain by Sigmund

Illustrated notes

Levels and vault maps discovered:
D:1:      lemuel_arrival_lava_pool, layout_loops_corners
D:2:      layout_rooms, basic_altar, serial_forest,
          infiniplex_forest_clump_curved, infiniplex_forest_pool,
          infiniplex_forest_straight_4, infiniplex_forest_straight_4,
          infiniplex_forest_end_3, uniq_sigmund
D:3:      layout_rooms, uniq_robin

Skill      XL: |  1  2 |
---------------+-------+-----
Stealth        | 6 |  6.8
Fighting       | |  2.0
Short Blades   | |  2.7
Throwing       | |  2.0
Dodging        | |  1.0

Action                   || total
-------------------------++-------
Melee: Dagger            ||    75
       Constrict         ||    14
       Tentacles         ||     8
  Use: Scroll            ||     2
 Stab: Sleeping          ||    18
       Distracted        ||     1
Armor: Skin              ||     9
Dodge: Dodged            ||    42
